 Dungeon Crawl Stone Soup version 0.19-a0-1886-gd64a0f0 (webtiles) character file.

2141 Amnesiac the Fighter (level 9, -4/113 HPs)
             Began as an Ogre Wizard on Oct 15, 2016.
             Slain by a gnoll
             ... wielding a +0 whip
              (9 damage)
             ... on level 7 of the Dungeon.
             The game lasted 00:15:43 (8793 turns).

Amnesiac the Fighter (Ogre Wizard)                  Turns: 8793, Time: 00:15:44

Health: -4/113     AC:  4    Str: 14    XL:     9   Next: 30%
Magic:  14/14      EV: 10    Int: 20    God:
Gold:   98         SH:  0    Dex: 12    Spells: 6 memorised, 2 levels left

rFire  . . .     SeeInvis .     I - +2 quarterstaff (chaos)
rCold  . . .     Gourm    .     a - +0 robe
rNeg   + + .     Faith    .     (shield currently unavailable)
rPois  .         Spirit   .     b - +0 hat
rElec  +         Dismiss  .     D - +0 cloak
rCorr  +         Reflect  .     (gloves unavailable)
MR     .....     Harm     .     (boots unavailable)
Stlth  ++........               G - amulet of inaccuracy (curse)
                                p - +4 ring of dexterity
                                e - ring "Weonlof" {rCorr rElec rN++}

@: lethally poisoned (-4 -> -5)
A: unfitting armour, tough skin 1
a: no special abilities


You were on level 7 of the Dungeon.
You were not hungry.

You visited 2 branches of the dungeon, and saw 8 of its levels.

You collected 260 gold pieces.
You spent 162 gold pieces at shops.

Inventory:

Hand Weapons
 m - a +1 quarterstaff
 r - the +1 war axe of Gozag's Regard {protect, rF+ Stlth+}
   (You found it on level 6 of the Dungeon)

   It protects the one who uses it against injury (+AC on strike).
   It protects you from fire.
   It makes you more stealthy.
 I - a +2 quarterstaff of chaos (weapon)
Missiles
 y - a throwing net (quivered)
Armour
 a - a +0 robe (worn)
 b - a +0 hat (worn)
 D - a +0 cloak (worn)
Jewellery
 e - the ring "Weonlof" (left hand) {rCorr rElec rN++}
   (You found it on level 4 of the Dungeon)

   [ring of resist corrosion]

   It insulates you from electricity.
   It greatly protects you from negative energy.
 p - a +4 ring of dexterity (right hand)
 G - a cursed amulet of inaccuracy (around neck)
 H - an uncursed ring of protection from fire {unknown}
Wands
 w - a wand of acid (10/15)
 x - a wand of heal wounds (6/9)
Scrolls
 g - 5 scrolls of identify
 l - 4 scrolls of enchant armour
 z - a scroll of noise {unknown}
 E - 2 scrolls of recharging {unknown}
Potions
 h - 2 potions of mutation {unknown}
 i - 2 potions of cancellation
 j - a potion of magic {unknown}
 q - 2 potions of haste {unknown}
 s - a potion of curing
 t - a potion of brilliance {unknown}
 u - a potion of heal wounds {unknown}
 v - a potion of agility {unknown}
 A - a potion of ambrosia {unknown}
 B - a potion of lignification {unknown}
 C - a potion of berserk rage {unknown}
Books
 c - a book of Minor Magic

   Spells                             Type                      Level
   a - Magic Dart                     Conjuration                  1
   b - Blink                          Translocation                2
   c - Call Imp                       Summoning                    2
   d - Repel Missiles                 Charms/Air                   2
   e - Slow                           Hexes                        2
   f - Conjure Flame                  Conjuration/Fire             3
   g - Mephitic Cloud                 Conjuration/Poison/Air       3
 o - a book of Misfortune

   Spells                             Type                      Level
   a - Confusing Touch                Hexes                        1
   b - Confuse                        Hexes                        3
   c - Gell's Gravitas                Hexes/Translocation          3
   d - Petrify                        Transmutation/Earth          4
   e - Metabolic Englaciation         Hexes/Ice                    5
   f - Yara's Violent Unravelling     Hexes/Transmutation          5
Comestibles
 d - 3 bread rations
 f - 4 fruits
 k - 5 chunks of flesh
 n - 2 meat rations
 F - a royal jelly


   Skills:
 - Level 14.0 Fighting
 + Level 3.1 Staves
 - Level 1.7 Dodging
 - Level 1.4 Stealth
 - Level 3.6 Spellcasting
 - Level 0.6 Conjurations
 - Level 0.6 Summonings
 - Level 0.6 Translocations


You had 2 spell levels left.
You knew the following spells:

 Your Spells              Type           Power        Failure   Level  Hunger
a - Repel Missiles        Chrm/Air       #.....       24%         2    ##.....
b - Blink                 Tloc           N/A          17%         2    ##.....
d - Call Imp              Summ           #.......     17%         2    ##.....
e - Mephitic Cloud        Conj/Pois/Air  #.......     38%         3    ###....
f - Magic Dart            Conj           #...         12%         1    None
s - Conjure Flame         Conj/Fire      #.......     38%         3    ###....


Dungeon Overview and Level Annotations

Branches:
Dungeon (7/15)             Temple (1/1) D:7

Altars:
Ashenzari
Cheibriados
Elyvilon
Fedhas
Hepliaklqana
Kikubaaqudgha
Makhleb
Nemelex Xobeh
Okawaru
Qazlal
Ru
Trog
Vehumet
Xom
Yredelemnul
Zin
The Shining One
Lugonu

Shops:
D:6 *

Portals:
Abyss: D:1


Innate Abilities, Weirdness & Mutations

You are too large for most types of armour.
You have tough skin. (AC +1)


Message History

* * * LOW HITPOINT WARNING * * *
The gnoll completely misses you.
You are too injured to fight recklessly!
You are too injured to fight recklessly!
You are too injured to fight recklessly!
You are too injured to fight recklessly!
You closely miss the gnoll. The gnoll misses you. The gnoll closely misses you.
The gnoll hits you but does no damage.
You hit the gnoll.
The gnoll seems to speed up.
The gnoll is lightly wounded.
You feel sick. The gnoll hits you with a spear.
* * * LOW HITPOINT WARNING * * *
The gnoll closely misses you. x2; The gnoll hits you with a spear.
* * * LOW HITPOINT WARNING * * *
You closely miss the gnoll.
The gnoll is lightly wounded.
The gnoll hits you with a spear.
* * * LOW HITPOINT WARNING * * *
The gnoll hits you with a whip!
You die...

.......# ###.. .......##
###.......
........#######.........
..)..(.(.(..............
....####................
##### ##................
##....)............
#####..####.....g......
##.......#####..@.......
..........## ##.g.......
...<.......## ##..g.....
............# ##.......
#...........## #......
#.(..........## #.....
#.............# #####
..#...........##
.###...........#


You could see 3 gnolls.

Vanquished Creatures
  Edmund (D:5)
  5 centaurs
  3 bullfrogs
  5 scorpions
  5 crimson imps
  2 howler monkeys (D:5)
  A bullfrog zombie (D:6)
  A hound (D:5)
  2 jellies (D:6)
  A centaur zombie (D:7)
  A centaur skeleton (D:4)
  2 orc priests
  4 bullfrog skeletons
  Crazy Yiuf (D:2)
  Jessica (D:3)
  An iguana (D:3)
  An orc wizard (D:5)
  4 worker ants
  A killer bee zombie (D:6)
  A hound zombie (D:5)
  Robin (D:2)
  A howler monkey zombie (D:7)
  8 gnolls
  10 adders
  A howler monkey skeleton (D:4)
  A shadow imp (D:7)
  2 oozes
  2 adder skeletons
  3 worms (D:4)
  3 dart slugs
  3 leopard geckos
  24 orcs
  2 giant cockroaches
  9 goblins
  11 hobgoblins
  6 jackals
  5 quokkas
  7 bats
  8 frilled lizards
  5 kobolds
  7 rats
162 creatures vanquished.

Vanquished Creatures (collateral kills)
  Terence (D:2)
  2 gnolls (D:3)
  3 adders
  A goblin (D:2)
  A hobgoblin (D:2)
  A jackal (D:3)
  A frilled lizard (D:2)
10 creatures vanquished.

Grand Total: 172 creatures vanquished

Notes
Turn   | Place    | Note
-------+----------+-------------------------------------------
     0 | D:1      | Amnesiac the Ogre Wizard began the quest for the Orb.
     0 | D:1      | Reached XP level 1. HP: 16/16 MP: 5/5
    19 | D:1      | Reached skill level 1 in Fighting
   129 | D:1      | Reached skill level 2 in Fighting
   267 | D:1      | Found a one-way gate to the infinite horrors of the Abyss.
   267 | D:1      | Found a corrupted altar of Lugonu.
   267 | D:1      | Noticed an iron imp
   267 | D:1      | Noticed a quasit
   267 | D:1      | Noticed a demonic crawler
   267 | D:1      | Noticed an iron imp
   268 | D:1      | Noticed a quasit
   268 | D:1      | Noticed an iron imp
   271 | D:1      | Noticed a quasit
   271 | D:1      | Noticed a demonic crawler
   272 | D:1      | Reached XP level 2. HP: 24/28 MP: 0/6
   301 | D:1      | Learned a level 2 spell: Call Imp
   541 | D:2      | Noticed Terence
   549 | D:2      | Killed Terence
   549 | D:2      | Reached skill level 3 in Fighting
   549 | D:2      | Reached XP level 3. HP: 37/37 MP: 1/8
   823 | D:3      | Learned a level 3 spell: Mephitic Cloud
   827 | D:3      | Learned a level 3 spell: Conjure Flame
   860 | D:3      | Reached skill level 4 in Fighting
   922 | D:3      | Reached XP level 4. HP: 35/49 MP: 1/9
  1121 | D:4      | Reached skill level 5 in Fighting
  1339 | D:4      | Got a flickering iron ring
  1482 | D:4      | Reached XP level 5. HP: 55/59 MP: 10/10
  1714 | D:4      | Reached skill level 6 in Fighting
  1955 | D:4      | Reached skill level 7 in Fighting
  2043 | D:4      | Reached XP level 6. HP: 65/71 MP: 11/11
  2463 | D:4      | Reached skill level 8 in Fighting
  2520 | D:4      | Identified the ring "Weonlof" {rCorr rElec rN++} (You found it on level 4 of the Dungeon)
  2533 | D:5      | Entered Level 5 of the Dungeon
  2543 | D:5      | Learned a level 2 spell: Repel Missiles
  2988 | D:5      | Reached skill level 9 in Fighting
  3133 | D:5      | Reached XP level 7. HP: 29/83 MP: 4/12
  3143 | D:5      | Noticed Edmund
  3153 | D:5      | Killed Edmund
  3153 | D:5      | Reached skill level 10 in Fighting
  3597 | D:5      | Reached skill level 11 in Fighting
  4048 | D:6      | Got a brightly glowing war axe
  4069 | D:5      | Reached XP level 8. HP: 65/97 MP: 11/13
  4203 | D:6      | Found Roroweow's Assorted Antiques.
  4219 | D:5      | Learned a level 2 spell: Blink
  4287 | D:6      | Bought an orange potion for 25 gold pieces
  4287 | D:6      | Bought a pink potion for 25 gold pieces
  4287 | D:6      | Bought a worn copper wand for 112 gold pieces
  4493 | D:6      | Reached skill level 12 in Fighting
  4544 | D:5      | HP: 2/98 [adder (3)]
  5352 | D:6      | Reached skill level 13 in Fighting
  6103 | D:7      | Reached XP level 9. HP: 48/111 MP: 8/14
  6377 | D:7      | Found a staircase to the Ecumenical Temple.
  6396 | Temple   | Entered the Ecumenical Temple
  6704 | D:7      | Reached skill level 14 in Fighting
  6847 | D:3      | Identified the +1 war axe of Gozag's Regard {protect, rF+ Stlth+} (You found it on level 6 of the Dungeon)
  7008 | D:3      | Found an iron altar of Okawaru.
  7018 | D:3      | Found a radiant altar of Vehumet.
  7019 | D:3      | Noticed Jessica
  7037 | D:3      | Reached skill level 1 in Staves
  7336 | D:3      | Killed Jessica
  7800 | D:2      | Noticed Robin
  7816 | D:2      | Killed Robin
  8460 | D:2      | Found a runed door.
  8603 | D:2      | Noticed Crazy Yiuf
  8612 | D:2      | Killed Crazy Yiuf
  8793 | D:7      | HP: 5/113 [gnoll/spear (3)]
  8793 | D:7      | Slain by a gnoll

Vault maps used:
D:1:      erik_arrival_cave_to_civilisation
D:2:      first_bread, uniq_robin, uniq_terence, uniq_crazy_yiuf_cottage
D:3:      chequers_temple_overflow_statue_of_worship, hangedman_decor_slide_cut,
          uniq_jessica
D:4:      kb_forest_paths, hangedman_decor_diamond_cutter
D:5:      lemuel_another_geyser, uniq_edmund
D:6:      serial_shops, shop
D:7:      kennysheep_spiral_hall, grunt_gozag_breadcrumbs
Temple:   regret_index_temple_waves

Skill      XL: |  1  2  3  4  5  6  7  8  9 |
---------------+----------------------------+-----
Fighting       | 2 3 4 5 7 9 11 13 14 | 14.0
Staves         | 3 |  3.1
Dodging        | |  1.7
Stealth        | |  1.4
Spellcasting   | |  3.6
Conjurations   | |  0.6
Summonings     | |  0.6
Translocations | |  0.6

Action                   |  1- 3 |  4- 6 |  7- 9 || total
-------------------------+-------+-------+-------++-------
Melee: Unarmed           |    15 |       |       ||    15
       Dagger            |    27 |       |       ||    27
       Halberd           |       |   214 |   270 ||   484
       Quarterstaff      |       |       |   172 ||   172
 Cast: Magic Dart        |    24 |       |     2 ||    26
       Call Imp          |     9 |     3 |     1 ||    13
       Mephitic Cloud    |       |    15 |    17 ||    32
       Conjure Flame     |       |     1 |     7 ||     8
       Repel Missiles    |       |     1 |     1 ||     2
       Blink             |       |       |     3 ||     3
  Use: Scroll            |       |     7 |     4 ||    11
       Potion            |       |       |     1 ||     1
 Stab: Confused          |       |     4 |     4 ||     8
       Sleeping          |       |     3 |     4 ||     7
       Distracted        |       |       |     3 ||     3
  Eat: Chunk             |       |    10 |    22 ||    32
Armor: Robe              |    18 |    36 |   100 ||   154
Dodge: Dodged            |    42 |    94 |   297 ||   433
       Deflected         |       |       |     3 ||     3
